 Dungeon Crawl Stone Soup version 0.23.1 (webtiles) character file.

Game seed: 16978209591058535702

59 night the Conjurer (level 3, -6/26 HPs)
             Began as a Draconian Conjurer on Mar 16, 2019.
             Mangled by Sigmund
             ... wielding a +0 scythe
              (10 damage)
             ... on level 3 of the Dungeon.
             The game lasted 00:05:26 (2309 turns).

night the Conjurer (Draconian Conjurer)             Turns: 2309, Time: 00:05:27

Health: -6/26      AC:  5    Str: 10    XL:     3   Next: 78%
Magic:  4/7        EV: 12    Int: 18    God:
Gold:   80         SH:  0    Dex: 11    Spells: 2/8 levels left

rFire    . . .     SeeInvis .   o - +0 mace (distort)
rCold    . . .     Gourm    .   (no shield)
rNeg     . . .     Faith    .   (armour unavailable)
rPois    .         Spirit   .   (helmet restricted)
rElec    .         Reflect  .   (no cloak)
rCorr    .         Harm     .   (no gloves)
MR       .....                  (no boots)
Stlth    ++........             m - amulet of regeneration
HPRegen  0.48/turn              k - +2 ring of intelligence
MPRegen  0.10/turn              (no ring)

@: no status effects
A: unfitting armour, cold-blooded, AC +5
a: no special abilities


You were on level 3 of the Dungeon.
You were near starving.

You visited 1 branch of the dungeon, and saw 3 of its levels.

You collected 80 gold pieces.

Inventory:

Hand Weapons
 e - a +0 dagger
 o - a +0 mace of distortion (weapon)
Missiles
 a - 41 arrows
 c - 50 bolts
 f - 61 stones (quivered)
 g - 28 sling bullets
Jewellery
 k - a +2 ring of intelligence (left hand)
 m - an amulet of regeneration (around neck)
Wands
 i - a wand of paralysis (8)
Comestibles
 b - 9 rations


   Skills:
 - Level 1.7 Dodging
 - Level 1.7 Stealth
 + Level 3.1 Spellcasting
 + Level 4.8 Conjurations


You had 2 spell levels left.
You knew the following spells:

 Your Spells              Type           Power        Failure   Level  Hunger
a - Magic Dart            Conj           ###.         2%          1    None
b - Searing Ray           Conj           ###...       3%          2    ##.....
c - Dazzling Spray        Conj/Hex       ##....       19%         3    ###....

Your spell library contained the following spells:

 Spells                   Type           Power        Failure   Level  Hunger
 Iskenderun's Mystic Bla  Conj           ###.....     22%         4    ####...
 Force Lance              Conj/Tloc      ##......     52%         4    ####...
 Fulminant Prism          Conj/Hex       ##........   52%         4    ####...


Dungeon Overview and Level Annotations

Branches:
Dungeon (3/15)

Altars:

Annotations:
D:3 Sigmund


Innate Abilities, Weirdness & Mutations

Your plain brown scales are hard. (AC +5)
You cannot fit into any form of body armour.
You are cold-blooded and may be slowed by cold attacks.


Message History

Sigmund closely misses you.
You hit Sigmund but do no damage.
Space warps horribly around Sigmund!!
Sigmund is severely wounded.
Sigmund hits you with a +0 scythe.
Your magical contamination has completely faded away.
You barely miss Sigmund.
Sigmund is severely wounded.
Sigmund hits you with a +0 scythe!
* * * LOW HITPOINT WARNING * * *
It was a potion of might.
You feel very mighty all of a sudden.
It was a potion of agility.
You feel agile all of a sudden. Sigmund closely misses you.
It was a potion of cancellation.
Your magical effects are unravelling.
You feel magically purged.
You feel a little less mighty now.
You feel a little less agile now. Sigmund hits you with a +0 scythe!
You die...

.....####.### ####.#####
.....# #.# #........# ######
#.# #.##.###.# #.# # #..#
#.# #. ##.# # # ####<#
#.###.##.# ## ##.##.#
#........#
.####...#.#########...####..
.'..............@@.......'..
.####...#.#########...####..
## ##....# ##..# # ##.###
##.# #.# #.# #[# .. #.# ...
### #.# #... ##.## #.#


You could see Sigmund.

Vanquished Creatures
  3 adders (D:2)
  A worm (D:3)
  A dart slug (D:1)
  A leopard gecko (D:2)
  6 bats
  6 hobgoblins
  A quokka (D:2)
  3 goblins
  4 kobolds
  A rat (D:2)
27 creatures vanquished.

Notes
Turn   | Place    | Note
-------+----------+-------------------------------------------
     0 | D:1      | night the Draconian Conjurer began the quest for the Orb.
     0 | D:1      | Reached XP level 1. HP: 14/14 MP: 3/3
   289 | D:1      | Reached XP level 2. HP: 20/20 MP: 0/5
  1147 | D:2      | Learned a level 2 spell: Searing Ray
  1389 | D:2      | Reached XP level 3. HP: 26/26 MP: 4/7
  2266 | D:3      | Noticed Sigmund
  2272 | D:3      | Learned a level 3 spell: Dazzling Spray
  2309 | D:3      | Mangled by Sigmund

Skill      XL: |  1  2  3 |
---------------+----------+-----
Spellcasting   | 3 |  3.1
Dodging        | |  1.7
Stealth        | |  1.7
Conjurations   | |  4.8

Action                   || total
-------------------------++-------
Melee: Dagger            ||    11
       Unarmed           ||     3
       Mace              ||    10
 Cast: Magic Dart        ||    51
       Searing Ray       ||     2
       Dazzling Spray    ||     1
  Use: Scroll            ||     6
       Potion            ||     3
  Eat: Chunk             ||     3
Armor: Skin              ||    10
Dodge: Dodged            ||    29
